 Dungeon Crawl Stone Soup version 0.17.1-1-g73c8601 (webtiles) character file.

5544 Peloso the Blocker (level 10, -4/88 HPs)
             Began as a Minotaur Fighter on Dec 19, 2015.
             Was a High Priest of Okawaru.
             Killed from afar by an electric eel (6 damage)
             ... with a bolt of electricity
             ... on level 9 of the Dungeon.
             The game lasted 00:32:03 (7689 turns).

Peloso the Blocker (Minotaur Fighter)               Turns: 7689, Time: 00:32:06

Health: -4/88      AC: 15    Str: 28    XL:     10   Next: 43%
Magic:  9/9        EV: 10    Int:  5    God:    Okawaru [*****.]
Gold:   157        SH: 13    Dex: 11    Spells: 0 memorised, 9 levels left

rFire  . . .     SeeInvis .     A - +4 scimitar (freeze)
rCold  . . .     Clarity  .     f - +0 chain mail
rNeg   + . .     SustAt   .     c - +0 shield
rPois  .         Gourm    .     (helmet restricted)
rElec  .         Spirit   .     r - +1 cloak
rCorr  .         Warding  .     (no gloves)
rMut   .         Stasis   .     C - +0 pair of boots
MR     +....                    n - amulet of regeneration
Stlth  ..........               G - +5 ring of strength
                                O - ring of Achar {rN+ MR+ Slay+3}

@: very slightly contaminated, somewhat resistant to hostile enchantments,
extremely unstealthy
A: retaliatory headbutt, horns 2
a: Heroism, Finesse, Renounce Religion


You were on level 9 of the Dungeon.
You worshipped Okawaru.
Okawaru was extremely pleased with you.
You were hungry.

You visited 2 branches of the dungeon, and saw 10 of its levels.
You also visited: Sewer.

You collected 609 gold pieces.
You spent 452 gold pieces at shops.

Inventory:

Hand Weapons
 a - a +0 long sword
 A - a +4 scimitar of freezing (weapon)
Armour
 c - a +0 shield (worn)
 f - a +0 chain mail (worn)
 r - a +1 cloak (worn)
 C - a +0 pair of boots (worn)
Jewellery
 n - an amulet of regeneration (around neck)
 G - a +5 ring of strength (right hand)
 O - the ring of Achar (left hand) {rN+ MR+ Slay+3}
   (You bought it in a shop on level 5 of the Dungeon)

   [ring of positive energy]

   It affects your accuracy and damage with ranged weapons and melee attacks
   (+3).
   It protects you from negative energy.
   It affects your resistance to hostile enchantments.
 P - an uncursed ring of magical power
Wands
 i - a wand of enslavement (9)
 E - a wand of frost (31)
 K - a wand of fire (10)
 N - a wand of lightning (7)
Scrolls
 p - 3 scrolls of identify
 s - 5 scrolls of recharging
 t - a scroll of blinking
 u - a scroll of fog
 w - 4 scrolls of teleportation
 x - 5 scrolls of remove curse
 y - a scroll of enchant weapon
 I - a scroll of amnesia
 J - a scroll of enchant armour
 M - 2 scrolls of fear
Potions
 b - 2 potions of agility
 d - 2 potions of might
 g - a potion of resistance
 h - 3 potions of brilliance
 k - 4 potions of curing
 l - a potion of haste
 m - a potion of flight
 q - 5 potions of magic
 z - 2 potions of lignification {unknown}
 F - a potion of invisibility {unknown}
Books
 L - a Young Poisoner's Handbook

   Spells                             Type                      Level
   a - Sting                          Conjuration/Poison           1
   b - Cure Poison                    Poison                       2
   c - Mephitic Cloud                 Conjuration/Poison/Air       3
   d - Olgreb's Toxic Radiance        Poison                       4
   e - Venom Bolt                     Conjuration/Poison           5
Comestibles
 e - 5 bread rations
 j - 3 meat rations
 o - 7 fruits
 v - 7 chunks of flesh
 H - 3 slices of pizza


   Skills:
 + Level 7.8 Fighting
 + Level 9.4 Long Blades
 + Level 9.0 Armour
 + Level 6.0 Dodging
 + Level 1.8 Stealth
 + Level 10.6 Shields


You had 9 spell levels left.
You didn't know any spells.

Dungeon Overview and Level Annotations

Branches:
Dungeon (9/15)             Temple (1/1) D:4
   Lair: D:8-11         Orc: D:9-12

Altars:
Ashenzari
Cheibriados
Dithmenos
Elyvilon
Fedhas
Kikubaaqudgha
Nemelex Xobeh
Okawaru
Qazlal
Sif Muna
Trog
Xom
Yredelemnul
Zin

Shops:
D:5 =


Innate Abilities, Weirdness & Mutations

You reflexively headbutt those who attack you in melee.
You have a pair of horns on your head.


Message History

Blink to where?
Press: ? - help, Dir - move target cursor You are very lightly contaminated with residual magic.
As you read the scroll of blinking, it crumbles to dust.
The electric eel shoots out a bolt of lightning at you!
The bolt of electricity hits you!
* * * LOW HITPOINT WARNING * * *
The electric eel shoots out a bolt of lightning at you!
The bolt of electricity hits you!
* * * LOW HITPOINT WARNING * * *
Read which item? (? for menu, Esc to quit)
Blink to where?
Press: ? - help, Dir - move target cursor
As you read the scroll of blinking, it crumbles to dust.
The electric eel shoots out a bolt of lightning at you!
The bolt of electricity hits you!
* * * LOW HITPOINT WARNING * * *
The electric eel shoots out a bolt of lightning at you!
The bolt of electricity hits you!
You die...

≈# ≈≈###≈≈ #.....## ≈# #≈≈#
#≈≈+## #.##### ≈#+#≈≈#'#≈≈..#
####.##### ## ≈≈≈≈≈≈≈≈≈≈≈..#
#........# #. ≈≈≈≈≈≈≈≈≈≈;..#
#........#### #. ≈### #;≈..#
#.......(.[.###. ≈#
+≈;..#####........##...'.
≈#+#
#≈≈..§..##......!.######.
≈≈≈≈ ≈≈≈≈≈...##.@.........#
#. #≈≈ ≈≈≈≈....#####........#
#. ### ######+## #........#
#. # ##.####### ## #
#.....#### # #####....# ####
######+### #######'##
(..#####........####........#
...##..)........##.'........#


You could see 2 electric eels.

Vanquished Creatures
  Erolcha (D:8)
  Pikel (D:6)
  A troll (D:9)
  2 slime creatures (D:8)
  Sigmund (D:4)
  A wyvern (D:8)
  2 hippogriffs
  An orc warrior (D:9)
  A phantom (D:4)
  2 slaves (D:6)
  5 centaurs
  2 ogres
  6 giant frogs
  2 scorpions
  10 wights (D:6)
  4 crimson imps
  3 jellies
  A giant frog zombie (D:9)
  9 hounds
  A wasp zombie (D:6)
  3 orc priests
  Crazy Yiuf (D:2)
  A giant frog skeleton (D:4)
  5 orc wizards
  7 worker ants
  A hound skeleton (D:5)
  11 gnolls
  5 river rats (Sewer)
  16 adders
  A white imp (D:6)
  2 adder zombies
  3 oozes
  2 adder skeletons
  A worm (D:3)
  3 giant geckos
  22 orcs
  7 giant cockroaches
  6 goblins
  6 hobgoblins
  9 jackals
  18 ball pythons
  8 bats
  23 giant newts
  A jackal skeleton (D:4)
  10 kobolds
  4 quokkas
  A quokka skeleton (D:8)
  25 rats
  A fungus (D:2)
259 creatures vanquished.

Vanquished Creatures (others)
  A giant newt (D:6)
  A plant (D:3)
2 creatures vanquished.

Grand Total: 261 creatures vanquished

Notes
Turn   | Place    | Note
--------------------------------------------------------------
     0 | D:1      | Peloso the Minotaur Fighter began the quest for the Orb.
     0 | D:1      | Reached XP level 1. HP: 19/19 MP: 0/0
   250 | D:1      | Reached XP level 2. HP: 27/27 MP: 1/1
   371 | D:1      | Reached skill level 4 in Fighting
   692 | D:2      | Reached XP level 3. HP: 13/33 MP: 2/2
   763 | D:2      | Reached XP level 4. HP: 22/41 MP: 3/3
   811 | D:2      | Noticed Crazy Yiuf
   824 | D:2      | Killed Crazy Yiuf
   996 | D:2      | Found a stormy altar of Qazlal.
   996 | D:2      | Found a deep blue altar of Sif Muna.
   996 | D:2      | Found an ancient bone altar of Kikubaaqudgha.
  1190 | D:2      | Found a shadowy altar of Dithmenos.
  1280 | D:2      | Reached skill level 5 in Armour
  1472 | D:3      | Reached skill level 1 in Dodging
  1472 | D:3      | Reached XP level 5. HP: 40/47 MP: 4/4
  1553 | D:3      | Found a sparkling altar of Nemelex Xobeh.
  1604 | D:3      | Found a white marble altar of Elyvilon.
  1952 | D:3      | Found a faded altar to an unknown god.
  2058 | D:3      | Found a shimmering altar of Xom.
  2188 | D:4      | Noticed a phantom
  2219 | D:4      | Killed a phantom
  2219 | D:4      | Reached skill level 5 in Shields
  2219 | D:4      | Reached XP level 6. HP: 45/55 MP: 5/5
  2641 | D:4      | Reached skill level 5 in Fighting
  2674 | D:4      | Noticed an ogre
  2679 | D:4      | Killed an ogre
  2679 | D:4      | Reached XP level 7. HP: 61/61 MP: 6/6
  2780 | D:4      | Found a staircase to the Ecumenical Temple.
  2789 | Temple   | Entered the Ecumenical Temple
  2863 | Temple   | Became a worshipper of Warmaster Okawaru
  3065 | D:4      | Noticed Sigmund
  3078 | D:4      | Killed Sigmund
  3078 | D:4      | Reached skill level 6 in Armour
  3629 | D:5      | Entered Level 5 of the Dungeon
  3661 | D:5      | Found Aloimp's Jewellery Boutique.
  3700 | D:5      | Found a glowing drain.
  3731 | Sewer    | Entered a sewer
  3849 | Sewer    | Reached * piety under Okawaru
  3987 | Sewer    | Reached XP level 8. HP: 52/69 MP: 7/7
  3993 | Sewer    | Reached skill level 7 in Shields
  4138 | Sewer    | Reached skill level 5 in Long Blades
  4937 | D:6      | Reached ** piety under Okawaru
  4946 | D:6      | Reached skill level 8 in Shields
  5022 | D:6      | Found a blossoming altar of Fedhas.
  5156 | D:6      | Reached skill level 1 in Stealth
  5179 | D:6      | Found a snail-covered altar of Cheibriados.
  5235 | D:6      | Noticed Pikel
  5265 | D:6      | Killed Pikel
  5265 | D:6      | Reached *** piety under Okawaru
  5265 | D:6      | Reached skill level 5 in Dodging
  5265 | D:6      | Reached XP level 9. HP: 64/78 MP: 8/8
  5279 | D:6      | Reached skill level 9 in Shields
  5528 | D:6      | You fall through a shaft!
  5937 | D:7      | Found a shattered altar of Ashenzari.
  6295 | D:8      | Reached **** piety under Okawaru
  6434 | D:8      | Reached skill level 10 in Shields
  6717 | D:8      | Reached XP level 10. HP: 65/86 MP: 9/9
  6776 | D:8      | Noticed Erolcha
  6782 | D:8      | Killed Erolcha
  6995 | D:8      | Reached ***** piety under Okawaru
  7196 | D:5      | Bought the ring of Achar {rN+ MR+ Slay+3} for 452 gold pieces
  7689 | D:9      | HP: 2/88 [electric eel/bolt of electricity (7)]
  7689 | D:9      | Killed from afar by an electric eel

Action                   |  1- 3 |  4- 6 |  7- 9 | 10-12 || total
-------------------------+-------+-------+-------+-------++-------
Melee: Long sword        |    49 |   207 |   247 |       ||   503
       Scimitar          |       |       |   142 |    54 ||   196
  Use: Potion            |     1 |       |     2 |       ||     3
       Scroll            |       |       |    17 |     8 ||    25
 Stab: Invisible         |       |     2 |       |       ||     2
  Eat: Chunk             |       |     7 |    12 |     2 ||    21
       Beef jerky        |       |       |     2 |     1 ||     3
